 Dungeon Crawl Stone Soup version 0.29-a0-270-g1586fc07ea (webtiles) character file.

Game seed: 10465384992899281504

4 Hubjo the Skirmisher (level 1, 0/18 HPs)
             Began as a Demonspawn Abyssal Knight on Mar 7, 2022.
             Was a Believer of Lugonu.
             Slain by a ball python (1 damage)
             ... on level 1 of the Dungeon.
             The game lasted 00:00:31 (83 turns).

Hubjo the Skirmisher (Demonspawn Abyssal Knight)      Turns: 83, Time: 00:00:32

Health: 0/18       AC:  3    Str: 13    XL:     1   Next: 50%
Magic:  2/2        EV:  8    Int: 11    God:    Lugonu [**....]
Gold:   11         SH:  0    Dex: 13    Spells: 0/0 levels left

rFire   . . .      SeeInvis .   a - +1 falchion
rCold   . . .      Faith    .   (no shield)
rNeg    . . .      Spirit   .   b - +0 leather armour
rPois   .          Reflect  .   (no helmet)
rElec   .          Harm     .   (no cloak)
rCorr   .          Rampage  .   (no gloves)
Will    .....                   (no boots)
Stlth   +.........              (no amulet)
HPRegen 0.06/turn               (no ring)
MPRegen 0.08/turn               (no ring)

@: constricted
A: no striking features
a: Renounce Religion, Depart the Abyss, Bend Space


You were on level 1 of the Dungeon.
You worshipped Lugonu.
Lugonu was pleased with you.
You visited 1 branch of the dungeon, and saw 1 of its levels.
You visited the Abyss 1 time.

You collected 11 gold pieces.

Inventory:

Hand Weapons
 a - a +1 falchion (weapon)
Armour
 b - a +0 leather armour (worn)


   Skills:
 * Level 3.0 Fighting
 + Level 1.8 Long Blades
 + Level 1.8 Armour
 * Level 1.0 Dodging
 * Level 2.5 Invocations


You couldn't memorise any spells.
You didn't know any spells.
Your spell library was empty.

Dungeon Overview and Level Annotations

Branches:
Dungeon (1/15)

Altars:


Message History

The jackal barks!
Your punch misses the jackal. The jackal closely misses you.
The jackal bites you but does no damage.
The jackal barely misses you.
The ball python bites you but does no damage.
The ball python grabs you. The ball python constricts you.
The jackal barely misses you.
You closely miss the jackal. The jackal closely misses you.
The jackal bites you. The ball python closely misses you.
The ball python constricts you.
The jackal bites you but does no damage.
The jackal bites you.
You hit the jackal but do no damage. The jackal bites you.
The jackal bites you but does no damage.
A jackal comes into view.
The jackal bites you but does no damage.
The jackal closely misses you. The ball python barely misses you.
The ball python constricts you. The jackal bites you.
The jackal barely misses you. The jackal completely misses you.
The jackal bites you. The ball python bites you.
* * * LOW HITPOINT WARNING * * *
The ball python constricts you.
You closely miss the jackal.
The jackal bites you but does no damage.
The jackal barely misses you.
The jackal bites you but does no damage.
The jackal barely misses you.
The ball python bites you but does no damage.
The ball python constricts you.
* * * LOW HITPOINT WARNING * * *
The jackal barely misses you. x2
The jackal bites you but does no damage.
The jackal bites you.
* * * LOW HITPOINT WARNING * * *
You don't know any spells.
Unknown command.
You closely miss the jackal.
The jackal barks!
The ball python bites you.
You die...

..........#
..........#
........!.#
..........#
..........#
.......h..#######
......Sh.........
...h$hh@h........
.##...hh#........
#####.#.######.
####.#.# #......#
#...)..# #......#
.###......#####
.......).......


You could see 8 jackals and a ball python.

Vanquished Creatures
  A ball python (D:1)
  A goblin (D:1)
  A kobold (D:1)
  A rat (D:1)
4 creatures vanquished.

Notes
Turn   | Place    | Note
-------+----------+-------------------------------------------
     0 | Abyss:1  | Hubjo the Demonspawn Abyssal Knight began the quest for the
                  | Orb.
     0 | Abyss:1  | Reached XP level 1. HP: 18/18 MP: 2/2
    37 | D:1      | Escaped the Abyss
    63 | D:1      | Reached skill level 1 in Dodging
    83 | D:1      | Slain by a ball python

Illustrated notes

Levels and vault maps discovered:
D:1:      dpeg_arrival_leaves_temple_mockup, layout_basic, st_stairs_12,
          minmay_domino_2

Skill      XL: |  1 |
---------------+----+-----
Dodging        | 1 |  1.0
Fighting       | |  3.0
Long Blades    | |  1.8
Armour         | |  1.8
Invocations    | |  2.5

Action                   || total
-------------------------++-------
Melee: Falchion          ||    15
Armor: Leather armour    ||    13
Dodge: Dodged            ||    17

Table legend: (Time is in decaauts)
 A = Elapsed time spent in this place.
 B = Non-inter-level travel time spent in this place.
 C = Inter-level travel time spent in this place.
 D = Time resting spent in this place.
 E = Time spent auto-exploring this place.
 F = Levels seen in this place.
 G = Mean time per level.
                   A        B        C        D        E       F      G
               +--------+--------+--------+--------+--------+-----+--------+
         Total |     85 |     85 |      0 |      0 |     48 |   2 |   42.5 |
       Dungeon |     48 |     48 |      0 |      0 |     21 |   1 |   48.0 |
         Abyss |     37 |     37 |      0 |      0 |     27 |   1 |   37.0 |
               +--------+--------+--------+--------+--------+-----+--------+

Top non-repeatable levels by time:
     D:1: 48 daAuts
 Abyss:1: 37 daAuts
